[Event "DSOL 2022"]
[Site "Germany"]
[Date "2022.03.18"]
[Round "5.1"]
[White "Krueger, Wolfgang"]
[Black "Vidonyak, Nellya"]
[Result "1/2-1/2"]
[ECO "A22"]
[WhiteElo "1734"]
[BlackElo "1564"]
[Annotator "NA"]
[PlyCount "83"]
[EventDate "2022.01.31"]
[EventType "team-tourn"]
[EventCountry "GER"]
[SourceTitle "playchess.com"]
[Source "ChessBase"]
[SourceQuality "1"]
[WhiteTeam "Segeberger SF"]
[BlackTeam "Bayern München II Amazonen"]
[TimeControl "2700+15"]

1. d4 Nf6 2. Nf3 d6 3. e3 c6 4. c4 Qc7 5. Nc3 e5 6. Qc2 Be7 7. Be2 O-O 8. O-O Bg4 9. Rd1 Nbd7 10. b3 Bh5 11. Bb2 Rfe8 12. Rac1 Bf8 13. b4 a6 14. a4 Bg6 15. Qb3 exd4 16. exd4 Rac8 17. Nh4 Bh5 18. Bxh5 Nxh5 19. Re1 Nf4 20. Ne4 d5 21. cxd5 Nxd5 22. Nc5 N7f6 23. Nf5 Qf4 24. Ne3 Qb8 25. Nxd5 Nxd5 26. Nd3 Qd6 27. b5 Qh6 28. bxc6 bxc6 29. Rxe8 Rxe8 30. Qc2 Re6 31. Rd1 Qg6 32. Qd2 Qh5 33. Re1 Rxe1+ 34. Qxe1 Qf5 35. Qd1 h6 36. g3 Nf6 37. Ne5 c5 38. Kg2 Qe4+ 39. Qf3 Qc2 40. Qb7 Qe4+ 41. Qxe4 Nxe4 42. Kf3 1/2-1/2

[Event "DSOL 2022"]
[Site "Germany"]
[Date "2022.03.18"]
[Round "5.1"]
[White "Loseries, Uwe"]
[Black "Farokhi, Keyvan"]
[Result "1/2-1/2"]
[ECO "D30"]
[WhiteElo "1720"]
[BlackElo "1676"]
[Annotator "NA"]
[PlyCount "131"]
[EventDate "2022.01.31"]
[EventType "team-tourn"]
[EventCountry "GER"]
[SourceTitle "playchess.com"]
[Source "ChessBase"]
[SourceQuality "1"]
[WhiteTeam "Kölner SK Dr Lasker III"]
[BlackTeam "SK Doppelbauer Kiel I"]
[TimeControl "2700+15"]

1. d4 Nf6 2. c4 e6 3. Nf3 d5 4. Bg5 dxc4 5. e4 b5 6. e5 h6 7. Bh4 g5 8. Nxg5 hxg5 9. Bxg5 Nbd7 10. exf6 Bb7 11. a4 a6 12. Be2 Bxg2 13. Rg1 Rxh2 14. Bf3 Bxf3 15. Qxf3 Nb6 16. axb5 Qxd4 17. Nc3 Nd5 18. Rd1 Qe5+ 19. Kf1 Bc5 20. Nxd5 Rxf2+ 21. Qxf2 Bxf2 22. Bf4 exd5 23. Bxe5 Bxg1 24. Kxg1 Kd7 25. Rxd5+ Ke6 26. Rc5 axb5 27. Rxb5 Rg8+ 28. Kf2 Rg5 29. Rc5 Rxe5 30. Rxc4 Kd6 31. b4 Rf5+ 32. Ke3 Rxf6 33. Rh4 Kc6 34. Rh5 Rd6 35. Rf5 f6 36. Ke4 Kd7 37. Rh5 Ke6 38. Rc5 Kd7 39. Kf5 Kc8 40. Rb5 c6 41. Rc5 Kb7 42. Ke4 Kb6 43. Rf5 Ka6 44. Ra5+ Kb7 45. Rc5 Kb6 46. Rf5 Re6+ 47. Kd4 Kc7 48. b5 cxb5 49. Rxb5 Kd7 50. Rb7+ Kc6 51. Rf7 Kd6 52. Kd3 Kd5 53. Rd7+ Ke5 54. Ke3 Ra6 55. Rd3 f5 56. Kf3 Ra2 57. Rb3 Rh2 58. Kg3 Ra2 59. Kf3 Kf6 60. Rb8 Ra3+ 61. Kf4 Ra4+ 62. Kf3 Ke7 63. Rb5 Ke6 64. Rb6+ Kf7 65. Rc6 Re4 66. Rb6 1/2-1/2

[Event "DSOL 2022"]
[Site "Germany"]
[Date "2022.03.18"]
[Round "5.1"]
[White "Otte, Burkhard"]
[Black "Bahr, Torsten"]
[Result "1-0"]
[ECO "A25"]
[WhiteElo "1585"]
[BlackElo "1798"]
[Annotator "NA"]
[PlyCount "153"]
[EventDate "2022.01.31"]
[EventType "team-tourn"]
[EventCountry "GER"]
[SourceTitle "playchess.com"]
[Source "ChessBase"]
[SourceQuality "1"]
[WhiteTeam "Höxter"]
[BlackTeam "Wittstock"]
[TimeControl "2700+15"]

1. c4 Nc6 2. Nc3 e5 3. g3 Nf6 4. Bg2 Be7 5. e4 d6 6. Nge2 O-O 7. d3 Ne8 8. O-O f5 9. f4 fxe4 10. dxe4 Bg4 11. h3 Bxe2 12. Nxe2 Bf6 13. Rb1 a5 14. Be3 Qe7 15. a3 Qf7 16. c5 dxc5 17. Bxc5 Rd8 18. Qc2 Nd6 19. b4 axb4 20. axb4 Nc4 21. b5 N6a5 22. fxe5 Nxe5 23. Bxf8 Rxf8 24. Nf4 Nac4 25. Qe2 Qe7 26. Nd5 Qc5+ 27. Kh2 c6 28. bxc6 bxc6 29. Nxf6+ gxf6 30. Qf2 Ne3 31. Qf4 Nxf1+ 32. Rxf1 Qc2 33. Rc1 Qe2 34. Ra1 c5 35. Qf5 Qc4 36. Ra7 Rf7 37. Ra8+ Kg7 38. g4 Qd4 39. Ra6 Ng6 40. Ra8 Qe5+ 41. Qxe5 Nxe5 42. Rc8 c4 43. Kg3 Rd7 44. Bf1 Rd4 45. Kf4 Rd1 46. Bxc4 Rc1 47. Rg8+ Kh6 48. Be6 Rc3 49. g5+ Kh5 50. Bg4+ Kh4 51. gxf6 Ng6+ 52. Kf5 Rc5+ 53. Ke6 Re5+ 54. Kf7 Rxe4 55. Rxg6 hxg6 56. Kxg6 Rb4 57. Kg7 Rb7+ 58. f7 Kg5 59. Kg8 Rxf7 60. Kxf7 Kh6 61. Kg8 Kg6 62. Bd7 Kh6 63. Be8 Kg5 64. Kg7 Kh4 65. Bd7 Kg5 66. Kh7 Kh5 67. Bg4+ Kg5 68. Kg7 Kh4 69. Kh6 Kg3 70. Kg5 Kf2 71. h4 Ke3 72. h5 Kd4 73. h6 Ke5 74. h7 Kd6 75. h8=Q Ke7 76. Qf6+ Ke8 77. Qg7 1-0

[Event "DSOL 2022"]
[Site "Germany"]
[Date "2022.03.18"]
[Round "5.1"]
[White "Matthey, Harald"]
[Black "Keller, Peter"]
[Result "0-1"]
[ECO "A22"]
[WhiteElo "1531"]
[BlackElo "1703"]
[Annotator "NA"]
[PlyCount "92"]
[EventDate "2022.01.31"]
[EventType "team-tourn"]
[EventCountry "GER"]
[SourceTitle "playchess.com"]
[Source "ChessBase"]
[SourceQuality "1"]
[WhiteTeam "SK Dessau I"]
[BlackTeam "SK Bickenbach I"]
[TimeControl "2700+15"]

1. c4 e5 2. Nf3 e4 3. Nd4 Nf6 4. Nc3 Bc5 5. Nb3 Bb4 6. Qc2 O-O 7. Nxe4 Nxe4 8. Qxe4 Re8 9. Qc2 d5 10. cxd5 Qxd5 11. e3 Nc6 12. Qc4 Be6 13. Qxd5 Bxd5 14. f3 a5 15. Bb5 Rxe3+ 16. Kf2 Re6 17. Bxc6 Bxc6 18. d4 Rae8 19. Rd1 Re2+ 20. Kg3 Be1+ 21. Kh3 Bd7+ 22. g4 f5 23. Nc5 Bc8 24. Nd3 fxg4+ 25. fxg4 h5 26. Nxe1 Bxg4+ 27. Kg3 Rxe1 28. Rxe1 Rxe1 29. b3 c6 30. Bb2 Re2 31. Ba3 g5 32. Bc5 Be6 33. h4 gxh4+ 34. Kxh4 Bg4 35. Kg5 Kf7 36. a3 Ke6 37. b4 a4 38. Rb1 b5 39. Rf1 Kd5 40. Rf6 Re6 41. Rf8 Kc4 42. Rb8 Bf3 43. Kf4 Rf6+ 44. Ke5 Rh6 45. Rf8 Bd5 46. Rd8 h4 0-1

[Event "DSOL 2022"]
[Site "Germany"]
[Date "2022.03.18"]
[Round "5.1"]
[White "Malek, Daniel"]
[Black "Gypser, Andreas"]
[Result "0-1"]
[ECO "C54"]
[WhiteElo "1515"]
[BlackElo "1730"]
[Annotator "NA"]
[PlyCount "68"]
[EventDate "2022.01.31"]
[EventType "team-tourn"]
[EventCountry "GER"]
[SourceTitle "playchess.com"]
[Source "ChessBase"]
[SourceQuality "1"]
[WhiteTeam "Magdeburg"]
[BlackTeam "Ludwigshafen"]
[TimeControl "2700+15"]

1. e4 e5 2. Nf3 Nc6 3. Bc4 Bc5 4. c3 Nf6 5. d4 exd4 6. e5 d5 7. Bb5 Ne4 8. cxd4 Bb4+ 9. Nbd2 O-O 10. O-O f6 11. Bxc6 bxc6 12. exf6 Qxf6 13. Nxe4 dxe4 14. Ng5 Bd6 15. Nxe4 Bxh2+ 16. Kxh2 Qh4+ 17. Kg1 Qxe4 18. Be3 Be6 19. Re1 Bd5 20. f3 Qg6 21. Qb1 Rf5 22. Rf1 Re8 23. Qd3 Qe6 24. Rfe1 Bxf3 25. Bf2 Be4 26. Qb3 Qxb3 27. axb3 Rg5 28. g3 Rh5 29. Be3 Rh1+ 30. Kf2 Rh2+ 31. Kf1 Rf8+ 32. Bf4 Bd5 33. Kg1 Rg2+ 34. Kf1 Rxg3 0-1

[Event "DSOL 2022"]
[Site "Germany"]
[Date "2022.03.18"]
[Round "5.2"]
[White "Ziegler, Alexander"]
[Black "Hobmeier, Luis"]
[Result "0-1"]
[ECO "C84"]
[WhiteElo "1851"]
[BlackElo "1659"]
[Annotator "NA"]
[PlyCount "60"]
[EventDate "2022.01.31"]
[EventType "team-tourn"]
[EventCountry "GER"]
[SourceTitle "playchess.com"]
[Source "ChessBase"]
[SourceQuality "1"]
[WhiteTeam "Spraitbach"]
[BlackTeam "Moosburg"]
[TimeControl "2700+15"]

1. e4 e5 2. Nf3 Nc6 3. Bb5 a6 4. Ba4 Nf6 5. d4 Nxe4 6. O-O Be7 7. d5 Nd4 8. Nxe5 Nb5 9. Qg4 Nbd6 10. c4 O-O 11. Bc2 f5 12. Qe2 Bf6 13. f4 b5 14. Nd2 Nxd2 15. Bxd2 Nxc4 16. Nxc4 bxc4 17. Qxc4 d6 18. Bc3 Bd7 19. a4 Kh8 20. Rae1 c5 21. Re2 Rb8 22. Qxa6 Bc8 23. Qd3 Ra8 24. Bb3 Qb6 25. Bxf6 c4+ 26. Qd4 Qxd4+ 27. Bxd4 cxb3 28. Re7 Rg8 29. Rc1 Rxa4 30. Rcc7 Rxd4 0-1

[Event "DSOL 2022"]
[Site "Germany"]
[Date "2022.03.18"]
[Round "5.2"]
[White "Dette, Jan"]
[Black "Baumann, Stephan"]
[Result "0-1"]
[ECO "C55"]
[WhiteElo "1715"]
[BlackElo "1676"]
[Annotator "NA"]
[PlyCount "64"]
[EventDate "2022.01.31"]
[EventType "team-tourn"]
[EventCountry "GER"]
[SourceTitle "playchess.com"]
[Source "ChessBase"]
[SourceQuality "1"]
[WhiteTeam "Essen"]
[BlackTeam "Münster"]
[TimeControl "2700+15"]

1. e4 e5 2. Nf3 Nc6 3. Bc4 Nf6 4. d3 Be7 5. O-O O-O 6. Re1 d6 7. a4 Kh8 8. h3 Ng8 9. d4 f5 10. dxe5 fxe4 11. Rxe4 Rxf3 12. Qxf3 d5 13. Bxd5 Qxd5 14. Nc3 Qa5 15. Bd2 Be6 16. Qe2 Rd8 17. Rd1 Bf5 18. Nb1 Qb6 19. Rc4 Qxb2 20. Bf4 Nd4 21. Qf1 c5 22. Nd2 Bxc2 23. Re1 Ne6 24. Ne4 Bd3 25. Nd6 Rxd6 26. exd6 Bxf1 27. dxe7 Bxc4 28. e8=Q Nxf4 29. Qe3 Qd4 30. Qf3 Bd5 31. Qg4 Bxg2 32. Re8 Nxh3+ 0-1

[Event "DSOL 2022"]
[Site "Germany"]
[Date "2022.03.18"]
[Round "5.2"]
[White "Faldum, Manfred"]
[Black "Zienert, Richard"]
[Result "0-1"]
[ECO "A34"]
[WhiteElo "1708"]
[BlackElo "1545"]
[Annotator "NA"]
[PlyCount "166"]
[EventDate "2022.01.31"]
[EventType "team-tourn"]
[EventCountry "GER"]
[SourceTitle "playchess.com"]
[Source "ChessBase"]
[SourceQuality "1"]
[WhiteTeam "SF Heidesheim I"]
[BlackTeam "SK Heidenau I"]
[TimeControl "2700+15"]

1. Nf3 Nf6 2. g3 c5 3. Bg2 Nc6 4. O-O e5 5. c4 d6 6. Nc3 Be6 7. d3 h6 8. Nd2 Qd7 9. Nd5 O-O-O 10. a3 Bh3 11. e3 h5 12. b4 h4 13. Qe2 Bxg2 14. Kxg2 Ne7 15. Nxe7+ Bxe7 16. Ne4 hxg3 17. fxg3 Qh3+ 18. Kg1 Rh5 19. Nxf6 Bxf6 20. Ra2 Rdh8 21. e4 Qd7 22. Qd1 Bg5 23. Bxg5 Rxg5 24. Raf2 Qh3 25. Qf3 f6 26. b5 Qh6 27. Qe3 Qg6 28. Rf5 Rgh5 29. R1f2 Rh3 30. Qf3 Qh6 31. Qe2 Rxg3+ 32. Rg2 Rxg2+ 33. Qxg2 Qe3+ 34. Rf2 Qxd3 35. Qxg7 Qd1+ 36. Kg2 Qh5 37. Kg1 Qh4 38. a4 Rd8 39. Rxf6 Qe1+ 40. Rf1 Qxe4 41. Rf7 Kb8 42. a5 a6 43. bxa6 bxa6 44. Rf2 Qb1+ 45. Kg2 Rc8 46. Rf7 Qe4+ 47. Kg1 Qc6 48. h4 e4 49. h5 e3 50. Re7 Qf3 51. h6 e2 52. h7 Qf1+ 53. Kh2 Qf2+ 54. Kh3 Qf3+ 55. Kh4 Qh1+ 56. Kg5 e1=Q 57. Rxe1 Qxe1 58. h8=Q Qe3+ 59. Kg6 Qe4+ 60. Kg5 Rxh8 61. Qxh8+ Kc7 62. Qg7+ Kc6 63. Qf7 Qg2+ 64. Kh4 Qh1+ 65. Kg3 Qe4 66. Qg8 Qe1+ 67. Kg2 Kd7 68. Qf7+ Qe7 69. Qd5 Qe2+ 70. Kg1 Qg4+ 71. Kf1 Qf4+ 72. Kg2 Kc7 73. Qa8 Qxc4 74. Qa7+ Kd8 75. Qb8+ Ke7 76. Qc7+ Ke6 77. Qc8+ Ke5 78. Qh8+ Ke4 79. Qh7+ Kd4 80. Qg7+ Kd3 81. Qg3+ Kc2 82. Qxd6 Qe2+ 83. Kg3 Qd3+ 0-1

[Event "DSOL 2022"]
[Site "Germany"]
[Date "2022.03.18"]
[Round "5.2"]
[White "Sabirov, Ramil"]
[Black "Haufe, Laurin"]
[Result "1/2-1/2"]
[ECO "A34"]
[WhiteElo "1687"]
[BlackElo "1846"]
[Annotator "NA"]
[PlyCount "90"]
[EventDate "2022.01.31"]
[EventType "team-tourn"]
[EventCountry "GER"]
[SourceTitle "playchess.com"]
[Source "ChessBase"]
[SourceQuality "1"]
[WhiteTeam "SG Porz I"]
[BlackTeam "SG Leipzig"]
[TimeControl "2700+15"]

1. Nf3 c5 2. c4 Nf6 3. g3 Nc6 4. Bg2 d5 5. cxd5 Nxd5 6. Nc3 Nc7 7. a3 e5 8. b4 f6 9. bxc5 Bxc5 10. O-O Be6 11. Rb1 Rb8 12. d3 O-O 13. Qa4 Qe7 14. Ne4 Bb6 15. Bd2 Kh8 (15... Nd5 $15 {is more appropriate.}) 16. Rfc1 Rfd8 17. Qc2 Qxa3 18. h4 Qe7 19. h5 Nd5 (19... h6 $17 20. Be3 Bxe3 21. fxe3 a5) 20. h6 g6 21. Qa4 Rbc8 22. Nc3 Kg8 23. Ne4 Rc7 24. Rb5 Rdc8 {[#]} 25. Nc5 $2 {[#]} (25. Nfg5 $1 $16 fxg5 (25... Kh8 26. Nxe6) 26. Bxg5) 25... a6 $2 (25... Nd8 $1 $19 26. e4 Bxc5 27. exd5 Bxd5) 26. Nxe6 axb5 27. Qxb5 Qxe6 28. Ng5 $1 Nd4 29. Bxd5 {Pin} Rxc1+ (29... Nxb5 $2 30. Bxe6+ Kh8 31. Nf7+ Kg8 32. Nd6+ (32. Bxc8 Rxc1+ 33. Bxc1 Kxf7 $16 34. Bxb7 g5 $16) 32... Kf8 33. Nxc8 $18) 30. Bxc1 Rxc1+ (30... Nxb5 $2 31. Bxe6+ Kh8 32. Nf7+ Kg8 33. Nd6+ Kf8 34. Nxc8 $18) 31. Kg2 Nxb5 32. Bxe6+ Kf8 33. Nxh7+ Ke7 34. Ng5 $1 fxg5 35. h7 Kxe6 36. h8=Q Nd4 37. Qg7 Bd8 38. e3 $11 Nc6 39. Qxb7 Be7 40. Qc8+ Kf7 41. d4 exd4 42. exd4 Rc2 43. Qd7 Nd8 44. Qd5+ Kf8 45. Qf3+ Ke8 1/2-1/2

[Event "DSOL 2022"]
[Site "Germany"]
[Date "2022.03.18"]
[Round "5.2"]
[White "Junker, Reiner"]
[Black "Biastoch, Bennet"]
[Result "0-1"]
[ECO "A00"]
[WhiteElo "1593"]
[BlackElo "1620"]
[Annotator "NA"]
[PlyCount "78"]
[EventDate "2022.01.31"]
[EventType "team-tourn"]
[EventCountry "GER"]
[SourceTitle "playchess.com"]
[Source "ChessBase"]
[SourceQuality "1"]
[WhiteTeam "Ludwigshafen"]
[BlackTeam "Magdeburg"]
[TimeControl "2700+15"]

1. g3 d5 2. Bg2 e5 3. d3 Nf6 4. Nf3 Bd6 5. O-O O-O 6. Nc3 c6 7. e4 dxe4 8. dxe4 Na6 9. Qe2 Nc5 10. Rd1 Qe7 11. h3 Ne6 12. Be3 b5 13. a3 a5 14. Qe1 Bb7 15. Nd2 Rfd8 16. Nb3 Nd7 17. Rd2 a4 18. Nc1 Bc5 19. Nd3 Bd4 20. Na2 Nb6 21. Rdd1 Nc4 22. Bc1 Nxa3 23. bxa3 Bxa1 24. c3 c5 25. Be3 Rd7 26. Nxe5 Rxd1 27. Qxd1 Bb2 28. Qe2 Bxa3 29. Qxb5 c4 30. Nxc4 Bc5 31. Bc1 a3 32. Qb3 h5 33. Nb6 Rd8 34. Nd5 Bxd5 35. exd5 Nc7 36. Bf4 Qe1+ 37. Kh2 Qxf2 38. h4 Nxd5 39. Be5 Ne3 0-1

[Event "DSOL 2022"]
[Site "Germany"]
[Date "2022.03.18"]
[Round "5.2"]
[White "Malinowsky, Levi"]
[Black "Dzierzenga, Stefan"]
[Result "1-0"]
[ECO "A08"]
[WhiteElo "1548"]
[BlackElo "1632"]
[Annotator "NA"]
[PlyCount "63"]
[EventDate "2022.01.31"]
[EventType "team-tourn"]
[EventCountry "GER"]
[SourceTitle "playchess.com"]
[Source "ChessBase"]
[SourceQuality "1"]
[WhiteTeam "SK Doppelbauer Kiel I"]
[BlackTeam "Kölner SK Dr Lasker III"]
[TimeControl "2700+15"]

1. e4 e6 2. d3 d5 3. Nd2 Ne7 4. Ngf3 g6 5. g3 Bg7 6. Bg2 O-O 7. O-O c5 8. Re1 b6 9. c3 Nbc6 10. Qe2 Ba6 11. e5 Qc7 12. Nf1 h6 13. h4 Rab8 14. Bf4 b5 15. N1h2 b4 16. Ng4 Nf5 17. Qd2 bxc3 18. bxc3 Kh7 19. Nf6+ Kh8 20. g4 Nfe7 21. Bxh6 Ng8 22. Bxg7+ Kxg7 23. h5 Qd8 24. Qg5 Nxf6 25. exf6+ Kh7 26. hxg6+ fxg6 27. Rxe6 Qd7 28. Qh4+ Kg8 29. Ng5 Rf7 30. Qh6 Bxd3 31. Nxf7 Qxe6 32. Qg7# 1-0

[Event "DSOL 2022"]
[Site "Germany"]
[Date "2022.03.18"]
[Round "5.2"]
[White "Schmilinsky, Uwe"]
[Black "Broeker, Christof"]
[Result "1-0"]
[ECO "D71"]
[WhiteElo "1513"]
[BlackElo "1696"]
[Annotator "NA"]
[PlyCount "57"]
[EventDate "2022.01.31"]
[EventType "team-tourn"]
[EventCountry "GER"]
[SourceTitle "playchess.com"]
[Source "ChessBase"]
[SourceQuality "1"]
[WhiteTeam "Wittstock"]
[BlackTeam "Höxter"]
[TimeControl "2700+15"]

1. c4 Nf6 2. Nc3 g6 3. g3 Bg7 4. Bg2 c6 5. e3 d5 6. cxd5 cxd5 7. d4 O-O 8. Nge2 Nc6 9. O-O Re8 10. Nf4 e6 11. b3 Bd7 12. Bb2 Rc8 13. Qd2 Bf8 14. Rfd1 Qa5 15. a3 Ne7 16. Ncxd5 Qxd2 17. Nxf6+ Kh8 18. Rxd2 Red8 19. d5 Bg7 20. Nxd7 Rxd7 21. Bxg7+ Kxg7 22. Rad1 e5 23. Nd3 f6 24. e4 Rc3 25. Rc1 Rxc1+ 26. Nxc1 Nc8 27. Nd3 Nd6 28. Nc5 Kf7 29. Nxd7 1-0

[Event "DSOL 2022"]
[Site "Germany"]
[Date "2022.03.18"]
[Round "5.2"]
[White "Gustain, Marc"]
[Black "Happe, Reinhold"]
[Result "1/2-1/2"]
[ECO "C56"]
[WhiteElo "1485"]
[BlackElo "1612"]
[Annotator "NA RC"]
[PlyCount "42"]
[EventDate "2022.01.31"]
[EventType "team-tourn"]
[EventCountry "GER"]
[SourceTitle "playchess.com"]
[Source "ChessBase"]
[SourceQuality "1"]
[WhiteTeam "SF Deizisau II"]
[BlackTeam "SV Hellern I"]
[TimeControl "2700+15"]

1. e4 e5 2. Bc4 Nf6 3. d4 Nc6 4. Nf3 exd4 5. O-O Nxe4 6. Re1 d5 7. Bxd5 Qxd5 8. Nc3 Qd7 9. Nxe4 Be7 10. Bg5 O-O 11. Bxe7 Qxe7 12. Nxd4 Bd7 13. Nb3 Be6 14. Qh5 Rad8 15. c3 Rd5 16. Qf3 Rfd8 17. h3 h6 18. Ng3 Rd3 19. Qe2 R3d5 20. Rad1 Rxd1 21. Rxd1 Bxb3 1/2-1/2

[Event "DSOL 2022"]
[Site "Germany"]
[Date "2022.03.18"]
[Round "5.2"]
[White "Stangl, Anita"]
[Black "Guetschow, Martin"]
[Result "0-1"]
[ECO "C42"]
[WhiteElo "1463"]
[BlackElo "1567"]
[Annotator "NA"]
[PlyCount "60"]
[EventDate "2022.01.31"]
[EventType "team-tourn"]
[EventCountry "GER"]
[SourceTitle "playchess.com"]
[Source "ChessBase"]
[SourceQuality "1"]
[WhiteTeam "Bayern München II Amazonen"]
[BlackTeam "Segeberger SF"]
[TimeControl "2700+15"]

1. e4 e5 2. Nf3 Nf6 3. Nc3 Bb4 4. d3 d6 5. Bg5 h6 6. Bh4 Be6 7. Be2 Nbd7 8. O-O g5 9. Bg3 Nh5 10. a3 Ba5 11. b4 Bb6 12. Nd5 Bxd5 13. exd5 Nf4 14. a4 a5 15. b5 Nxd5 16. Qd2 f5 17. h3 Qf6 18. Rad1 O-O-O 19. c4 Ne7 20. d4 e4 21. Ne1 f4 22. Bh2 Nf5 23. Nc2 h5 24. f3 e3 25. Qc3 Rdg8 26. Rd3 g4 27. fxg4 hxg4 28. Rxf4 g3 29. Bxg3 Rxg3 30. Kh2 Qg5 0-1

[Event "DSOL 2022"]
[Site "Germany"]
[Date "2022.03.18"]
[Round "5.3"]
[White "Reindl, Jork"]
[Black "Melcher, Matthias"]
[Result "1-0"]
[ECO "B76"]
[WhiteElo "2012"]
[BlackElo "1579"]
[Annotator "ChessBase"]
[PlyCount "61"]
[EventDate "2022.01.31"]
[EventType "team-tourn"]
[EventCountry "GER"]
[SourceTitle "playchess.com"]
[Source "ChessBase"]
[SourceQuality "1"]
[WhiteTeam "Spraitbach"]
[BlackTeam "Moosburg"]
[TimeControl "2700+15"]

1. e4 c5 2. Nf3 d6 3. d4 cxd4 4. Nxd4 Nf6 5. Nc3 Nc6 6. f3 g6 7. Be3 Bg7 8. Qd2 O-O 9. g4 Nxd4 10. Bxd4 Be6 11. h4 a6 12. h5 b5 13. Nd5 Bxd5 14. exd5 e5 15. dxe6 Qe7 16. O-O-O Qxe6 17. Kb1 d5 18. Qh2 g5 19. h6 Nxg4 20. hxg7 Nxh2 21. gxf8=R+ Rxf8 22. Rxh2 Re8 23. Bd3 f5 24. a3 Qd7 25. Rg1 Kf8 26. Rxg5 Re1+ 27. Ka2 b4 28. Rxf5+ Ke8 29. Rxh7 Qxh7 30. Re5+ Qe7 31. Rxe7+ 1-0

[Event "DSOL 2022"]
[Site "Germany"]
[Date "2022.03.18"]
[Round "5.3"]
[White "Dietz, Andrae"]
[Black "Brockmann, Bernhard"]
[Result "1-0"]
[ECO "D00"]
[WhiteElo "1810"]
[BlackElo "1428"]
[Annotator "NA"]
[PlyCount "35"]
[EventDate "2022.01.31"]
[EventType "team-tourn"]
[EventCountry "GER"]
[SourceTitle "playchess.com"]
[Source "ChessBase"]
[SourceQuality "1"]
[WhiteTeam "Wittstock"]
[BlackTeam "Höxter"]
[TimeControl "2700+15"]

1. d4 d5 2. Bf4 Nf6 3. e3 e6 4. Nd2 Bd6 5. Bg3 Nc6 6. f4 b6 7. c4 Bb4 8. Ngf3 Ne4 9. a3 Bxd2+ 10. Nxd2 Nxg3 11. hxg3 Ba6 12. b4 dxc4 13. Qa4 Bb7 14. Nxc4 O-O 15. Rc1 Ne7 16. Qc2 Nf5 17. g4 Ng3 18. Qxh7# 1-0

[Event "DSOL 2022"]
[Site "Germany"]
[Date "2022.03.18"]
[Round "5.3"]
[White "Braeutigam, Alexander"]
[Black "Rosenkraenzer, Torsten"]
[Result "1/2-1/2"]
[ECO "B53"]
[WhiteElo "1677"]
[BlackElo "1873"]
[Annotator "NA"]
[PlyCount "124"]
[EventDate "2022.01.31"]
[EventType "team-tourn"]
[EventCountry "GER"]
[SourceTitle "playchess.com"]
[Source "ChessBase"]
[SourceQuality "1"]
[WhiteTeam "SK Doppelbauer Kiel I"]
[BlackTeam "Kölner SK Dr Lasker III"]
[TimeControl "2700+15"]

1. e4 c5 2. Nf3 d6 3. d4 cxd4 4. Qxd4 Nf6 5. h3 g6 6. c4 Nc6 7. Qe3 Bg7 8. Nc3 Nb4 9. Qd2 Be6 10. Be2 Rc8 11. b3 Na6 12. Bb2 Nc5 13. e5 dxe5 14. Qxd8+ Rxd8 15. Nxe5 Nfd7 16. Nxd7 Rxd7 17. Rd1 Ne4 18. Rxd7 Bxd7 19. Na4 Bxb2 20. Nxb2 Bc6 21. Bf3 O-O 22. Nd3 ({Better is} 22. Bxe4 $11 Bxe4 23. f3) 22... f5 (22... Rd8 $15 23. Ne5 Nc3 24. Nxc6 bxc6) 23. Nb4 Rc8 24. Nxc6 Rxc6 25. O-O Ra6 26. Bxe4 fxe4 27. a4 Rd6 28. Re1 Rd4 29. Kf1 (29. f3 $14 {feels stronger.}) 29... Kf7 30. Ke2 Rd3 31. Rb1 Kf6 32. f3 ({White should try} 32. b4 $11) 32... Ke5 33. c5 Kd4 34. fxe4 (34. b4 $15 {is more appropriate.}) 34... Kxe4 (34... Re3+ $15 35. Kf2 Rxe4) 35. b4 Ra3 36. a5 Ra2+ 37. Kf1 Kd4 38. Rd1+ Kc4 39. Rd7 Kxb4 40. Rxb7+ Kxc5 41. Rxa7 e5 42. Re7 Kd4 (42... Rxa5 43. Rxe5+ Kb6 44. Rxa5 Kxa5 45. Kf2 $18) 43. Rxh7 Rxa5 44. Rh6 $2 (44. g4 $11) 44... Ra6 45. h4 Ke3 46. Kg1 Kf4 ({Black should try} 46... e4 $17 47. h5 Ra1+ 48. Kh2 gxh5 49. Rxh5 Kd4) 47. Kh2 e4 48. Rh8 Re6 $11 49. Rf8+ Kg4 50. g3 e3 51. Rf4+ Kh5 52. Rf1 e2 53. Re1 Kg4 54. Kg2 Re8 55. Kf2 Re6 56. Ra1 e1=Q+ 57. Rxe1 Rxe1 58. Kxe1 Kxg3 59. h5 gxh5 60. Kf1 h4 61. Kg1 h3 62. Kh1 h2 1/2-1/2

[Event "DSOL 2022"]
[Site "Germany"]
[Date "2022.03.18"]
[Round "5.3"]
[White "Ankerst, Milka"]
[Black "Stark, Hans-Werner"]
[Result "0-1"]
[ECO "C55"]
[WhiteElo "1653"]
[BlackElo "1620"]
[Annotator "NA"]
[PlyCount "86"]
[EventDate "2022.01.31"]
[EventType "team-tourn"]
[EventCountry "GER"]
[SourceTitle "playchess.com"]
[Source "ChessBase"]
[SourceQuality "1"]
[WhiteTeam "Bayern München II Amazonen"]
[BlackTeam "Segeberger SF"]
[TimeControl "2700+15"]

1. e4 e5 2. Nf3 Nc6 3. Bc4 Nf6 4. d3 Be7 5. c3 d6 6. O-O Bg4 7. Nbd2 O-O 8. a4 a5 9. Re1 Be6 10. Qe2 Bxc4 11. Nxc4 h6 12. Ne3 Re8 13. Nf5 Bf8 14. h3 Kh7 15. Nh2 g6 16. Ne3 Bg7 17. Qf3 Qd7 18. Nhg4 Ng8 19. Nd5 f5 20. exf5 gxf5 21. Nge3 Rf8 22. Bd2 Nce7 23. b3 Ng6 24. Rac1 Rae8 25. c4 b6 26. Nf1 N8e7 27. Nxe7 Nxe7 28. Ng3 f4 29. Ne4 Nf5 30. Bc3 Re6 31. Kh2 Rg6 32. Rg1 c6 33. Nd2 Nh4 34. Qd1 e4 35. Nxe4 Bxc3 36. Rxc3 Qg7 37. Qf1 d5 38. cxd5 cxd5 39. g3 Nf3+ 40. Kh1 Nxg1 41. Qxg1 dxe4 42. Qc1 fxg3 43. dxe4 gxf2 0-1

[Event "DSOL 2022"]
[Site "Germany"]
[Date "2022.03.18"]
[Round "5.3"]
[White "Jelica, Mara"]
[Black "Lewin, Tammo"]
[Result "0-1"]
[ECO "B49"]
[WhiteElo "1620"]
[BlackElo "1716"]
[Annotator "NA"]
[PlyCount "100"]
[EventDate "2022.01.31"]
[EventType "team-tourn"]
[EventCountry "GER"]
[SourceTitle "playchess.com"]
[Source "ChessBase"]
[SourceQuality "1"]
[WhiteTeam "SF Deizisau II"]
[BlackTeam "SV Hellern I"]
[TimeControl "2700+15"]

1. e4 c5 2. Nf3 e6 3. d4 cxd4 4. Nxd4 Nc6 5. Nc3 Qc7 6. Be3 a6 7. Be2 b5 8. a3 Bb7 9. O-O Nf6 10. f3 Be7 11. Qe1 O-O 12. Qg3 Qxg3 13. hxg3 d6 14. Nxc6 Bxc6 15. Bd4 Rfd8 16. Rfd1 Nd7 17. Kf2 Nc5 18. b4 Nd7 19. a4 bxa4 20. Nxa4 d5 21. exd5 Bxd5 22. c3 Bb7 23. Nb6 Nxb6 24. Bxb6 Rxd1 25. Rxd1 Kf8 26. Rd7 Bc8 27. Rd1 Ke8 28. Bd4 f6 29. Bd3 Kf7 30. Be4 Rb8 31. Ba7 Rb5 32. Ra1 h6 33. Bd3 Rd5 34. Bxa6 Bxa6 35. Rxa6 Rd2+ 36. Kg1 Rc2 37. Ra3 Bd6 38. Kh2 h5 39. Be3 h4 40. Bf4 e5 41. Be3 e4 42. fxe4 Bxg3+ 43. Kh3 Kg6 44. b5 Re2 45. c4 Kh5 46. Ra8 Rxe3 47. Rh8+ Kg5 48. Rh7 g6 49. e5 Re1 50. Rxh4 Bxh4 0-1

[Event "DSOL 2022"]
[Site "Germany"]
[Date "2022.03.18"]
[Round "5.3"]
[White "Heldt, Maximilian"]
[Black "Olbrich, Leonard"]
[Result "1-0"]
[ECO "B10"]
[WhiteElo "1560"]
[BlackElo "1620"]
[Annotator "NA"]
[PlyCount "59"]
[EventDate "2022.01.31"]
[EventType "team-tourn"]
[EventCountry "GER"]
[SourceTitle "playchess.com"]
[Source "ChessBase"]
[SourceQuality "1"]
[WhiteTeam "Essen"]
[BlackTeam "Münster"]
[TimeControl "2700+15"]

1. e4 c6 2. c4 e6 3. Nc3 d5 4. cxd5 exd5 5. exd5 cxd5 6. Bb5+ Nc6 7. d4 Bb4 8. Nge2 Nge7 9. O-O O-O 10. a3 Ba5 11. Nf4 a6 12. Ba4 Bc7 13. Be3 Qd6 14. Bc2 Ng6 15. g3 Be6 16. Qh5 Qd7 17. Nxe6 Qxe6 18. Nxd5 Bb8 19. Nb6 Nxd4 20. Bxd4 Ba7 21. Nxa8 Bxd4 22. Nc7 Qd6 23. Qd5 Qxc7 24. Bxg6 Bxf2+ 25. Rxf2 hxg6 26. Raf1 Qb6 27. Kg2 Qc7 28. b4 Qe7 29. a4 Qd6 30. Qxd6 1-0